 Dungeon Crawl Stone Soup version 0.27-a0-1217-g8a41f320e8 (webtiles) character file.

Game seed: 4229916794582717314

25 Gwenloh the Caller (level 2, -2/15 HPs)
             Began as a Deep Elf Summoner on June 5, 2021.
             Slain by an adder (4 damage)
             ... on level 4 of the Dungeon.
             The game lasted 00:05:11 (2007 turns).

Gwenloh the Caller (Deep Elf Summoner)              Turns: 2007, Time: 00:05:12

Health: -2/15      AC:  3    Str:  5    XL:     2   Next: 82%
Magic:  5/8        EV: 12    Int: 19    God:
Gold:   49         SH:  0    Dex: 15    Spells: 5/8 levels left

rFire    . . .     SeeInvis .   g - +0 dagger
rCold    . . .     Faith    .   (no shield)
rNeg     . . .     Spirit   .   a - +0 robe
rPois    .         Reflect  .   (no helmet)
rElec    .         Harm     .   (no cloak)
rCorr    .         Rampage  .   (no gloves)
Will     .....                  m - +0 pair of boots
Stlth    ++........             (no amulet)
HPRegen  0.05/turn              (no ring)
MPRegen  0.11/turn              (no ring)

@: lethally poisoned (-2 -> -4)
A: no striking features
a: no special abilities


You were on level 4 of the Dungeon.
You visited 1 branch of the dungeon, and saw 3 of its levels.

You collected 49 gold pieces.

Inventory:

Hand Weapons
 g - a +0 dagger (weapon)
Missiles
 e - 62 stones (quivered)
Armour
 a - a +0 robe (worn)
 i - a +0 leather armour
 m - a +0 pair of boots (worn)
Scrolls
 b - 2 scrolls of teleportation {unknown}
 c - a scroll of magic mapping {unknown}
 h - a scroll of holy word {unknown}
 j - a scroll of vulnerability {unknown}
 l - a scroll of brand weapon {unknown}
 n - a scroll of fog {unknown}
Potions
 d - a potion of flight {unknown}
 f - a potion of ambrosia {unknown}
 k - a potion of lignification {unknown}


   Skills:
 - Level 2.4 Dodging
 - Level 2.4 Stealth
 + Level 3.5 Spellcasting
 * Level 5.1 Summonings


You had 5 spell levels left.
You knew the following spells:

 Your Spells              Type           Power      Damage    Failure   Level
a - Summon Small Mammal   Summ           88%        N/A       1%          1
b - Call Imp              Summ           22%        N/A       2%          2

Your spell library contained the following spells:

 Spells                   Type           Power      Damage    Failure   Level
 Call Canine Familiar     Summ           22%        N/A       5%          3
 Magic Dart               Conj           12%        1d3       14%         1
 Summon Guardian Golem    Hex/Summ       13%        N/A       16%         3
 Searing Ray              Conj           6%         3d3       22%         2
 Dazzling Flash           Conj/Hex       6%         N/A       41%         3
 Summon Ice Beast         Ice/Summ       13%        N/A       45%         4
 Summon Lightning Spire   Summ/Air       13%        N/A       45%         4
 Fulminant Prism          Conj/Hex       1%         3d6       82%         4
 Iskenderun's Mystic Bla  Conj/Tloc      3%         2d3       82%         4


Dungeon Overview and Level Annotations

Branches:
Dungeon (2/15)

Altars:
Ru

Shops:
D:1 ?


Message History

Confirm with . or Enter, or press ? or * to list all spells.
The ball python barely misses your quokka.
The ball python grabs your quokka. The ball python constricts your quokka.
The orc hits your quokka with a +0 falchion.
You hit the ball python.
The ball python is moderately wounded.
The ball python misses you. The ball python constricts your quokka.
The ball python loses its grip on your quokka.
The orc hits your quokka with a +0 falchion.
Your quokka dies!
Your quokka's corpse disappears in a puff of smoke!
Casting: Summon Small Mammal (safe; 1% risk of failure)
Confirm with . or Enter, or press ? or * to list all spells.
Your rat barely misses the adder.
You closely miss the adder. The adder bites you.
You are poisoned.
The adder poisons you! The adder closely misses you.
Your rat closely misses the adder.
Casting: Summon Small Mammal (safe; 1% risk of failure)
Confirm with . or Enter, or press ? or * to list all spells.
You feel sick. The adder bites you.
* * * LOW HITPOINT WARNING * * *
Your rat closely misses the adder.
* * * LOW HITPOINT WARNING * * *
You feel sick. The adder bites your rat.
Your rat dies!
Your rat's corpse disappears in a puff of smoke!
What are your orders? t - Shout!
Orders for allies: a - Attack new target. r - Retreat! s - Stop attacking. g - Guard the area. f - Follow me.
Anything else - Cancel.
Gang up on whom?
Press: ? - help, Dir - move target, f - adder
Aim: an adder (ally target) Attack!
* * * LOW HITPOINT WARNING * * *
You feel sick.
Your quokka bites the adder.
The adder bites you.
You die...

#..# #..#
#..# #$.#
#..# #..#
#..#
#@r#########
#S.##..##..##
##S#........#
#ow.........#
##..........#
##........##
#........#
#......>...#
#...........#


You could see a worm, an adder (ally target), an orc, a ball python and a
friendly quokka (summoned).

Vanquished Creatures
  2 endoplasms
  2 goblins (D:1)
  A hobgoblin (D:2)
  A kobold (D:1)
  A bat (D:1)
  A frilled lizard (D:1)
  3 rats
11 creatures vanquished.

Vanquished Creatures (collateral kills)
  A dart slug (D:1)
  2 endoplasms
  A giant cockroach (D:1)
  2 hobgoblins (D:1)
  A kobold (D:1)
  A quokka (D:1)
  2 ball pythons (D:1)
  6 bats
  A frilled lizard (D:1)
17 creatures vanquished.

Vanquished Creatures (others)
  A bat (D:2)
  A goblin (D:2)
2 creatures vanquished.

Grand Total: 30 creatures vanquished

Notes
Turn   | Place    | Note
-------+----------+-------------------------------------------
     0 | D:1      | Gwenloh the Deep Elf Summoner began the quest for the Orb.
     0 | D:1      | Reached XP level 1. HP: 10/10 MP: 6/6
   465 | D:1      | Found Iloamur's Magic Scroll Shop.
   579 | D:1      | Reached XP level 2. HP: 9/15 MP: 6/8
   586 | D:1      | Learned a level 2 spell: Call Imp
  1029 | D:1      | Reached skill level 5 in Summonings
  1641 | D:2      | Found a sacrificial altar of Ru.
  1991 | D:2      | You fall into a shaft and drop 2 floors!
  2007 | D:4      | Slain by an adder

Illustrated notes

Levels and vault maps discovered:
D:1:      heliophobic_arrival_enchanted_forest, layout_rooms, serial_shops, shop
D:2:      layout_loops_ring, basic_altar, amethyst_killhole
D:4:      layout_basic, nicolae_gozag_cash_rules_everything_around_me,
          grunt_qazlal_clouds, minmay_temple_entry_fiery, serial_shops,
          nicolae_shop_trees, st_stairs_5, uniq_pikel

Skill      XL: |  1  2 |
---------------+-------+-----
Summonings     | 5 |  5.1
Dodging        | |  2.4
Stealth        | |  2.4
Spellcasting   | |  3.5

Action                   || total
-------------------------++-------
Melee: Unarmed           ||    34
       Dagger            ||    55
 Cast: Summon Small Mamm ||    22
       Call Imp          ||     1
 Stab: Distracted        ||     1
       Sleeping          ||     1
Armor: Robe              ||    32
Dodge: Dodged            ||    82

Table legend: (Time is in decaauts)
 A = Elapsed time spent in this place.
 B = Non-inter-level travel time spent in this place.
 C = Inter-level travel time spent in this place.
 D = Time resting spent in this place.
 E = Time spent auto-exploring this place.
 F = Levels seen in this place.
 G = Mean time per level.
                   A        B        C        D        E       F      G
               +--------+--------+--------+--------+--------+-----+--------+
         Total |   2006 |   2006 |      0 |    203 |   1445 |   3 |  668.7 |
       Dungeon |   2006 |   2006 |      0 |    203 |   1445 |   3 |  668.7 |
               +--------+--------+--------+--------+--------+-----+--------+

Top non-repeatable levels by time:
     D:1: 1365 daAuts
     D:2: 624 daAuts
     D:4: 15 daAuts
